 Dungeon Crawl Stone Soup version 0.16.1-18-g436b03c (webtiles) character file.

63 noize the Sneak (level 4, 0/21 HPs)
             Began as a Vine Stalker Enchanter on May 3, 2015.
             Slain by an orc
             ... wielding a +0 dagger
              (6 damage)
             ... on level 3 of the Dungeon.
             The game lasted 00:02:56 (1098 turns).

noize the Sneak (Vine Stalker Enchanter)            Turns: 1098, Time: 00:02:56

Health: 0/21       AC:  3    Str: 11    XL:     4   Next: 10%
Magic:  0/9        EV: 12    Int: 15    God:
Gold:   82         SH:  0    Dex: 15    Spells: 3 memorised, 2 levels left

rFire  . . .     SeeInvis .     a - +1 dagger
rCold  . . .     Clarity  .     b - +1 robe
rNeg   . . .     SustAb   .     (no shield)
rPois  .         Gourm    .     (no helmet)
rElec  .         Spirit   +     (no cloak)
rCorr  .         Warding  .     (no gloves)
rMut   .         Stasis   .     (no boots)
MR     .....                    (no amulet)
Stlth  +++.......               (no ring)
                                (no ring)

@: very slightly contaminated, not resistant to hostile enchantments, fairly
stealthy
A: fangs 2, regeneration 1, magic shield, antimagic bite, no device heal 3, rot
immunity
a: no special abilities


You were on level 3 of the Dungeon.
You were not hungry.

You visited 1 branch of the dungeon, and saw 3 of its levels.

You collected 82 gold pieces.

Inventory:

Hand weapons
 a - a +1 dagger (weapon)
Armour
 b - a +1 robe (worn)
Jewellery
 i - an uncursed ring of teleport control {unknown}
 k - an uncursed ring of stealth {unknown}
Scrolls
 f - a scroll of teleportation {unknown}
 g - a scroll of identify {unknown}
Potions
 e - 2 potions of curing {unknown}
 h - a potion of heal wounds {unknown}
Books
 c - a book of Maledictions

   Spells                             Type                      Level
   a - Corona                         Hexes                        1
   b - Sure Blade                     Hexes/Charms                 2
   c - Ensorcelled Hibernation        Hexes/Ice                    2
   d - Confuse                        Hexes                        3
   e - Dazzling Spray                 Conjuration/Hexes            3
   f - Enslavement                    Hexes                        4
Comestibles
 d - a bread ration
 j - a slice of pizza


   Skills:
 + Level 0.1 Fighting
 + Level 1.6 Short Blades
 + Level 1.9 Dodging
 * Level 4.7 Stealth
 - Level 2.5 Spellcasting
 + Level 3.3 Hexes


You had 2 spell levels left.
You knew the following spells:

 Your Spells              Type           Power        Failure   Level  Hunger
a - Corona                Hex            ##.....      6%          1    #......
b - Ensorcelled Hibernat  Hex/Ice        #.....       17%         2    ###....
c - Confuse               Hex            ##......     17%         3    ###....


Dungeon Overview and Level Annotations

Branches:
Dungeon (3/15)

Altars:
Vehumet
The Shining One


Innate Abilities, Weirdness & Mutations

You have extremely sharp teeth.
Your natural rate of healing is unusually fast.
When hurt, damage is shared between your health and your magic reserves.
Your bite disrupts and absorbs the magic of your enemies.
Potions and wands cannot restore your health.
You are immune to rotting.


Message History

Your hands glow momentarily.
Casting: Ensorcelled Hibernation
Confirm with . or Enter, or press ? or * to list all spells.
You don't have enough magic to cast that spell.
Unknown command.
You hit the orc but do no damage. Your bite misses the orc.
The orc hits you with a dagger.
You closely miss the orc. Your bite misses the orc. The orc closely misses you.
The orc barely misses you.
You hit the orc but do no damage. The orc barely misses you.
The orc completely misses you.
You hit the orc.
The orc is moderately wounded.
The orc hits you with a dagger.
You closely miss the orc. Your bite misses the orc.
The orc is moderately wounded.
The orc hits you from afar with a trident.
* * * LOW HITPOINT WARNING * * *
The orc hits you with a dagger.
You die...

#######
#.##..#######
########............
#.........#..#######
#.######..#..#
#....#....<#
#@##.#.##..#
#o##.).....#
#o####†........
#<.....###.###
....o...$....
.#.#....#..#..#
#.#.#.#..... . #
#.#.#... .#. ...
.... .


You could see 2 orcs.

Vanquished Creatures
  An adder (D:2)
  A gnoll (D:2)
  3 giant geckos
  An orc (D:3)
  4 giant cockroaches
  4 goblins
  7 hobgoblins (D:1)
  4 jackals (D:1)
  2 kobolds
  2 ball pythons
  4 bats
  A giant newt (D:1)
  4 rats
38 creatures vanquished.

Notes
Turn   | Place    | Note
--------------------------------------------------------------
     0 | D:1      | noize, the Vine Stalker Enchanter, began the quest for the Orb.
     0 | D:1      | Reached XP level 1. HP: 9/9 MP: 3/3
    98 | D:1      | Reached skill level 1 in Short Blades
   213 | D:1      | Reached XP level 2. HP: 8/13 MP: 2/6
   239 | D:1      | Learned a level 2 spell: Ensorcelled Hibernation
   273 | D:1      | Reached skill level 4 in Stealth
   376 | D:1      | Reached XP level 3. HP: 16/16 MP: 7/7
   387 | D:1      | Learned a level 3 spell: Confuse
   831 | D:2      | Found a glowing golden altar of the Shining One.
   881 | D:2      | Found a radiant altar of Vehumet.
   945 | D:2      | Reached XP level 4. HP: 19/21 MP: 3/9
  1098 | D:3      | Slain by an orc

Action                   |  1- 3 |  4- 6 || total
-------------------------+-------+-------++-------
Melee: Dagger            |   132 |    19 ||   151
 Cast: Ensorcelled Hiber |     2 |     4 ||     6
 Stab: Sleeping          |     4 |       ||     4
  Eat: Chunk             |       |     1 ||     1
